 Dungeon Crawl Stone Soup version 0.16-a0-702-gf4f471d (webtiles) character file.

41642 RobertPalmer the Unseen (level 14, -31/76 HPs)
             Began as an Octopode Enchanter on Sept 20, 2014.
             Was an Initiate of Gozag.
             Annihilated by a white ugly thing (35 damage)
             ... on Level 10 of the Dungeon.
             The game lasted 01:34:19 (24306 turns).

RobertPalmer the Unseen (Octopode Enchanter)       Turns: 24306, Time: 01:34:20

HP -31/76        AC  1     Str 11      XL: 14   Next: 16%
MP  16/20        EV 19     Int 20      God: Gozag
Gold 1655        SH  9     Dex 17      Spells:  5 memorised,  2 levels left

rFire  + . .     SeeInvis .     a - +4 short sword (elec)
rCold  . . .     Clarity  .     i - +3 buckler
rNeg   + . .     rCorr    .     E - +0 hat of Skits {Str+3 Int+3}
rPois  .         rRot     .     p - amulet of warding
rElec  .         Spirit   .     q - ring of stealth
SustAb .         Warding  +     H - ring of protection from fire
rMut   .         Stasis   .     Z - ring of protection from magic
Gourm  .                        (no ring)
MR     ++...                    (no ring)
                                (no ring)
                                (no ring)
                                (no ring)

@: very slightly contaminated, invisible, very resistant to hostile
enchantments, incredibly stealthy
A: almost no armour, amphibious, 8 rings, constrict 8, camouflage 1, gelatinous
body 1
a: Potion Petition, Call Merchant, Bribe Branch, Renounce Religion


You were on level 10 of the Dungeon.
You worshipped Gozag.
Gozag was noncommittal.
You were not hungry.

You visited 2 branches of the dungeon, and saw 17 of its levels.

You collected 4070 gold pieces.
You spent 510 gold pieces at shops.
You paid 1905 gold pieces to Gozag.


Innate Abilities, Weirdness & Mutations

You cannot wear most types of armour.
You are amphibious.
You can wear up to eight rings at the same time.
You can use your tentacles to constrict many enemies at once.
Your skin changes colour to match your surroundings (Stealth).
Your rubbery body absorbs attacks (AC +1).


   Skills:
 - Level 7.6 Short Blades
 - Level 10.1 Dodging
 + Level 19.0 Stealth
 - Level 5.0 Shields
 - Level 2.0 Spellcasting
 - Level 9.7 Conjurations
 - Level 10.5 Hexes
 - Level 3.2 Translocations


You had 2 spell levels left.
You knew the following spells:

 Your Spells              Type           Power        Failure   Level  Hunger
a - Phase Shift           Tloc           ###.......   95%         5    ######.
x - Dazzling Spray        Conj/Hex       #####...     1%          3    ###....
y - Ensorcelled Hibernat  Hex/Ice        ###...       2%          2    ##.....
z - Confuse               Hex            #####...     1%          3    ###....
X - Sure Blade            Hex/Chrm       ###.......   2%          2    ##.....

Inventory:

Hand weapons
 a - a +4 short sword of electrocution (weapon)
 b - a +0 blowgun
Missiles
 u - 5 javelins
 v - 14 poisoned needles
 M - 5 tomahawks
 S - a needle of confusion
 T - 2 throwing nets (quivered)
 U - 2 curare-tipped needles
Armour
 i - a +3 buckler (worn)
 E - the +0 hat of Skits (worn) {Str+3 Int+3}
   (You found it on level 7 of the Dungeon)

   It affects your strength (+3).
   It affects your intelligence (+3).
Magical devices
 f - a wand of lightning (6)
 y - a wand of digging (9)
 C - a wand of lightning (7)
 L - a wand of paralysis (0)
 V - a wand of polymorph (11)
 W - a wand of lightning (0)
 X - a wand of digging (16)
 Y - a wand of polymorph (10)
Comestibles
 d - 4 bread rations
 n - 9 meat rations
Scrolls
 g - 2 scrolls of enchant armour
 j - a scroll of enchant weapon
 l - 10 scrolls of remove curse
 r - 4 scrolls of immolation {!r}
 A - 3 scrolls of amnesia
 F - 2 scrolls of magic mapping
 N - a scroll of fog
 R - a scroll of torment {!r}
Jewellery
 p - an amulet of warding (around mantle)
 q - a ring of stealth (left tentacle)
 s - a cursed amulet of stasis
 w - a cursed amulet of guardian spirit
 H - a ring of protection from fire (right tentacle)
 I - an uncursed ring of teleportation
 O - an uncursed amulet of resist mutation
 Q - an uncursed amulet of resist corrosion
 Z - a ring of protection from magic (on tentacle)
Potions
 c - a potion of agility
 e - a potion of cancellation
 h - 7 potions of curing
 k - 3 potions of might
 m - 2 potions of restore abilities
 o - 3 potions of haste
 x - 5 potions of brilliance
 z - a potion of flight
 G - a potion of heal wounds
 J - a potion of berserk rage
Books
 t - a book of Dreams
 B - a book of the Earth
 P - a Necronomicon {highlevel, unknown}
Miscellaneous
 K - a fan of gales (inert)

Dungeon Overview and Level Annotations

Branches:
Dungeon (10/15)            Temple (0/1) D:4             Orc (0/4) D:10
   Lair (7/8) D:9           Swamp (0/5) Lair:5        Snake (0/5) Lair:3
  Slime (0/6) Lair:7

Altars:
Dithmenos
Elyvilon
Fedhas
Gozag
Okawaru
Qazlal
Trog
Zin
Beogh
Jiyva

Shops:
D:6 :=   D:9 %   D:11 ( D:13

* #.#...##.##...#.##.#...#####.##
#..#.#.###.#.#..#..#...# ##...##
#...###...###.(.#..#...###.....##
.#.###..#..###.#.##...###...##..#
.##.#.#...#.#.##.##...)#...####..
#.##...#.#...##.###.......## ###
...#.#..#..#.#...##...##.## ##
#.##...#.#...##(###...###.# ##.
.##.#.#...#Z#.##@##(u.# ## ##..
.#.###..#..###.#u##$..########...
#...###...###...#.(#.............
#..#.#.###.#.#..#..#...o######..#
#.#...##.##...#.##.#....# #.##
##...##...##...##.##....# #.##
#####..#.#..#####.#.#...# ##.#
..#..#######..#..#.##...# ##..
##...#######.(.##.###..## #...


You could see a white ugly thing.


Message History

You squeeze the white ugly thing.
The white ugly thing is lightly wounded.
You constrict the white ugly thing. The white ugly thing barely misses you.
You hit the white ugly thing.
The white ugly thing is moderately wounded.
You constrict the white ugly thing. The white ugly thing bites you!
The white ugly thing freezes you!
* * * LOW HITPOINT WARNING * * *
You release your grip on the white ugly thing.
Read which item? (? for menu, Esc to quit)
Okay, then.
Drink which item? (? for menu, Esc to quit)
Okay, then.
Eat which item? (? for menu, Esc to quit)
Okay, then.
Drink which item? (? for menu, Esc to quit)
You fade into invisibility!
You are very lightly contaminated with residual magic.
Eat which item? (? for menu, Esc to quit)
The white ugly thing barely misses you. The white ugly thing gores you.
* * * LOW HITPOINT WARNING * * *
The white ugly thing freezes you!
* * * LOW HITPOINT WARNING * * *
You block the white ugly thing's attack.
The white ugly thing gores you!
* * * LOW HITPOINT WARNING * * *
The white ugly thing freezes you!!
You die...
Your body crumbles into a pile of gold.

Action                   |  1- 3 |  4- 6 |  7- 9 | 10-12 | 13-15 || total
-------------------------+-------+-------+-------+-------+-------++-------
Melee: Dagger            |    64 |    70 |   208 |       |       ||   342
       Short sword       |       |       |     8 |   462 |   399 ||   869
 Fire: Blowgun           |       |       |    15 |    32 |    12 ||    59
Throw: Tomahawk          |       |       |     4 |    12 |       ||    16
       Javelin           |       |       |     7 |     8 |     7 ||    22
       Throwing net      |       |       |       |       |     4 ||     4
 Cast: Corona            |     5 |       |     1 |       |       ||     6
       Confuse           |     3 |    10 |    35 |    10 |    30 ||    88
       Sure Blade        |       |       |     3 |    15 |    10 ||    28
       Dazzling Spray    |       |       |     5 |    79 |    41 ||   125
       Ensorcelled Hiber |       |       |       |       |     6 ||     6
Invok: Call Merchant     |       |       |       |     1 |     1 ||     2
Evoke: Wand              |       |       |     4 |    12 |     9 ||    25
       Fan of gales      |       |       |       |     1 |     1 ||     2
  Use: Scroll            |       |       |    21 |    13 |    14 ||    48
       Potion            |       |       |     1 |     7 |     2 ||    10
 Stab: Sleeping          |    15 |    12 |    38 |    59 |    43 ||   167
       Confused          |     1 |     5 |    10 |     6 |    13 ||    35
       Distracted        |       |       |     1 |     8 |     8 ||    17
       Invisible         |       |       |     1 |    24 |    12 ||    37
       Held in net/web   |       |       |       |       |     1 ||     1
  Eat: Chunk             |     3 |     4 |       |       |       ||     7
       Beef jerky        |       |     1 |     1 |     4 |     2 ||     8
       Bread ration      |       |       |     3 |     4 |     6 ||    13
       Pizza             |       |       |     3 |       |     2 ||     5
       Royal jelly       |       |       |     1 |     1 |     1 ||     3
       Fruit             |       |       |     3 |    14 |       ||    17

Vault maps used:
D:1:      tarquinn_simple_flora_water_a
D:2:      lemuel_crystal_altar, st_stairs_9
D:3:      st_stairs_14
D:4:      nicolae_overflow_quartered_altars, minmay_temple_entry_butterflies,
          first_bread, fedhas_altar_1
D:6:      kennysheep_mini, serial_shops, nicolae_shop_crystal,
          nicolae_shop_trees, uniq_pikel, uniq_menkaure
D:7:      grunt_temple_overflow_champion_of_chaos
D:8:      uniq_duvessa, uniq_maurice
D:9:      lair_0_dummy, serial_shops, shop
D:10:     minmay_ornate_pinched, david_orc_5, grunt_ogre_cave, uniq_eustachio,
          uniq_urug
Lair:1:   basic_altar
Lair:2:   kennysheep_rathole, grunt_forest_large_clearings, uniq_erica
Lair:3:   minmay_snake_entry_six_corridors, grunt_megastairs_2
Lair:5:   swamp_mist, beast_lair_carwin_6, uniq_rupert, uniq_harold
Lair:6:   uniq_fannar
Lair:7:   slime_altar_1

Notes
Turn   | Place    | Note
--------------------------------------------------------------
     0 | D:1      | RobertPalmer, the Octopode Enchanter, began the quest for the Orb.
     0 | D:1      | Reached XP level 1. HP: 11/11 MP: 3/3
   601 | D:1      | Reached XP level 2. HP: 15/17 MP: 4/4
  1239 | D:2      | Reached XP level 3. HP: 19/21 MP: 6/6
  1256 | D:2      | Reached skill level 5 in Stealth
  1369 | D:2      | Learned a level 3 spell: Confuse
  1372 | D:2      | Learned a level 2 spell: Sure Blade
  1708 | D:2      | Found an opulent altar of Gozag.
  1867 | D:2      | Reached XP level 4. HP: 25/27 MP: 7/7
  1961 | D:3      | Reached skill level 6 in Stealth
  2165 | D:3      | Noticed Foahim's ghost (weakling DrFi)
  2260 | D:3      | Noticed a black bear
  2267 | D:3      | Killed a black bear
  2267 | D:3      | Reached skill level 7 in Stealth
  2267 | D:3      | Reached XP level 5. HP: 31/31 MP: 5/9
  2407 | D:3      | Killed Foahim's ghost
  2407 | D:3      | Reached skill level 8 in Stealth
  2407 | D:3      | Reached XP level 6. HP: 36/36 MP: 1/10
  2849 | D:4      | Found a staircase to the Ecumenical Temple.
  2970 | D:2      | Became a worshipper of Gozag Ym Sagoz the Greedy
  3035 | D:4      | Reached skill level 2 in Short Blades
  3079 | D:4      | Reached skill level 3 in Short Blades
  3235 | D:4      | Reached XP level 7. HP: 34/41 MP: 8/12
  3283 | D:4      | Reached skill level 4 in Short Blades
  3727 | D:4      | Reached skill level 5 in Short Blades
  4122 | D:4      | Found a blossoming altar of Fedhas.
  4263 | D:4      | Reached skill level 2 in Shields
  4288 | D:4      | Found a shadowy altar of Dithmenos.
  4292 | D:4      | Found an iron altar of Okawaru.
  4294 | D:4      | Found a glowing silver altar of Zin.
  4306 | D:4      | Found a white marble altar of Elyvilon.
  4588 | D:5      | Entered Level 5 of the Dungeon
  4764 | D:5      | Reached skill level 3 in Shields
  4838 | D:5      | Reached XP level 8. HP: 46/46 MP: 13/13
  5180 | D:5      | Reached skill level 4 in Shields
  5458 | D:5      | Reached skill level 5 in Shields
  5562 | D:5      | Learned a level 3 spell: Dazzling Spray
  5652 | D:6      | Reached skill level 4 in Hexes
  5720 | D:6      | Got a shimmering hand axe
  5981 | D:6      | Noticed Menkaure
  5983 | D:6      | Reached skill level 5 in Hexes
  5991 | D:6      | Killed Menkaure
  6024 | D:6      | Reached skill level 6 in Hexes
  6026 | D:6      | Noticed Pikel
  6259 | D:6      | Found a bloodstained altar of Trog.
  6393 | D:6      | Found Psaach's Book Shoppe.
  6438 | D:6      | Found Graher's Jewellery Emporium.
  6445 | D:6      | Bought an uncursed ring of stealth for 210 gold pieces
  6468 | D:6      | Reached skill level 7 in Hexes
  6468 | D:6      | Reached XP level 9. HP: 51/51 MP: 11/14
  6635 | D:6      | Reached skill level 1 in Conjurations
  6795 | D:6      | Killed Pikel
  6795 | D:6      | Reached skill level 4 in Conjurations
  6966 | D:7      | Got a faintly humming hat
  6978 | D:7      | Identified the cursed +0 hat of Skits {Str+3 Int+3} (You found it on level 7 of the Dungeon)
  7009 | D:7      | Reached skill level 5 in Conjurations
  7674 | D:8      | Reached skill level 3 in Dodging
  7757 | D:8      | Reached skill level 4 in Dodging
  7763 | D:8      | Noticed Duvessa
  7763 | D:8      | Noticed Dowan
  7788 | D:8      | Killed Duvessa
  7797 | D:8      | Killed Dowan
  7925 | D:8      | Noticed Maurice
  7932 | D:8      | Killed Maurice
  7932 | D:8      | Reached skill level 5 in Dodging
  8243 | D:8      | Reached XP level 10. HP: 51/56 MP: 2/16
  8247 | D:8      | Reached skill level 6 in Dodging
  8994 | D:9      | Reached skill level 7 in Dodging
  9108 | D:9      | Killed an unseen horror
  9108 | D:9      | Reached skill level 6 in Short Blades
  9497 | D:9      | Reached skill level 7 in Short Blades
  9943 | D:9      | Found Schoade Kiugo's Food Boutique.
  9949 | D:9      | Bought a royal jelly for 20 gold pieces
  9949 | D:9      | Bought a beef jerky for 15 gold pieces
  9949 | D:9      | Bought a beef jerky for 15 gold pieces
  9949 | D:9      | Bought a meat ration for 50 gold pieces
  9949 | D:9      | Bought a bread ration for 50 gold pieces
  9949 | D:9      | Bought a meat ration for 50 gold pieces
  9949 | D:9      | Bought a meat ration for 50 gold pieces
  9949 | D:9      | Bought a meat ration for 50 gold pieces
  9962 | D:9      | Found a staircase to the Lair.
 10036 | D:9      | Reached skill level 9 in Stealth
 10461 | Lair:1   | Entered Level 1 of the Lair of Beasts
 10489 | Lair:1   | Reached skill level 10 in Stealth
 10613 | Lair:1   | Found a stormy altar of Qazlal.
 10616 | Lair:1   | Reached skill level 11 in Stealth
 10839 | Lair:1   | Reached skill level 12 in Stealth
 10839 | Lair:1   | Reached XP level 11. HP: 51/61 MP: 3/17
 11130 | Lair:1   | Reached skill level 13 in Stealth
 11446 | Lair:2   | Noticed an eight-headed hydra
 11484 | Lair:2   | Noticed Erica
 11489 | Lair:2   | Killed Erica
 11799 | Lair:2   | Reached skill level 14 in Stealth
 12754 | Lair:2   | Reached skill level 15 in Stealth
 12907 | Lair:2   | HP: 2/61 [eight-headed hydra (12)]
 12912 | Lair:2   | Killed an eight-headed hydra
 13480 | Lair:3   | Reached skill level 16 in Stealth
 13481 | Lair:3   | Found a staircase to the Snake Pit.
 13721 | Lair:3   | Reached skill level 17 in Stealth
 13760 | Lair:3   | Reached XP level 12. HP: 66/66 MP: 18/18
 14172 | Lair:3   | Reached skill level 8 in Hexes
 14745 | Lair:4   | Learned a level 5 spell: Phase Shift
 14845 | Lair:4   | Reached skill level 9 in Hexes
 15068 | Lair:4   | Noticed a seven-headed hydra
 15133 | Lair:4   | Killed an eight-headed hydra
 15296 | Lair:4   | Reached skill level 10 in Hexes
 16580 | Lair:4   | Reached skill level 8 in Dodging
 16894 | Lair:4   | Reached skill level 9 in Dodging
 17146 | Lair:5   | Reached XP level 13. HP: 68/71 MP: 17/19
 17257 | Lair:5   | Noticed a seven-headed hydra
 17264 | Lair:5   | Killed an eight-headed hydra
 17264 | Lair:5   | Reached skill level 10 in Dodging
 17428 | Lair:5   | Reached skill level 6 in Conjurations
 17604 | Lair:5   | Reached skill level 1 in Translocations
 17679 | Lair:5   | Noticed Rupert
 17688 | Lair:5   | Killed Rupert
 17688 | Lair:5   | Reached skill level 3 in Translocations
 17732 | Lair:5   | Found a staircase to the Swamp.
 17841 | Lair:5   | Noticed Harold
 17847 | Lair:5   | Killed Harold
 18882 | Lair:6   | Reached skill level 7 in Conjurations
 19118 | Lair:6   | Noticed Fannar
 19566 | Lair:6   | Killed Fannar
 19566 | Lair:6   | Reached skill level 8 in Conjurations
 20076 | Lair:7   | Reached skill level 9 in Conjurations
 20572 | Lair:7   | Found a viscous altar of Jiyva.
 20606 | Lair:7   | Found a staircase to the Slime Pits.
 20878 | Lair:6   | Learned a level 2 spell: Ensorcelled Hibernation
 21974 | Lair:7   | Noticed an acid blob
 22151 | Lair:2   | Noticed a seven-headed hydra
 22163 | Lair:2   | Killed a 12-headed hydra
 22220 | D:10     | Entered Level 10 of the Dungeon
 22637 | D:10     | Reached skill level 18 in Stealth
 22648 | D:10     | Reached XP level 14. HP: 76/76 MP: 16/20
 22918 | D:10     | Noticed Eustachio
 22934 | D:10     | Killed Eustachio
 22984 | D:10     | Noticed Urug
 22998 | D:10     | Killed Urug
 23442 | D:10     | Identified a scroll of acquirement
 23443 | D:10     | Got a warped lead ring
 23444 | D:10     | Identified the ring "Lijues Niowk" {Dex-2 Regen} (You acquired it on level 10 of the Dungeon)
 23829 | D:10     | Found a roughly hewn altar of Beogh.
 23831 | D:10     | Found a staircase to the Orcish Mines.
 24268 | D:10     | Reached skill level 19 in Stealth
 24306 | D:10     | HP: 4/76 [white ugly thing (9)]
 24306 | D:10     | Annihilated by a white ugly thing

Vanquished Creatures
  Rupert (Lair:5)
  Fannar (Lair:6)
  4 hydras
  Harold (Lair:5)
  Erica (Lair:2)
  Urug (D:10)
  A hill giant (D:10)
  An unseen horror (D:9)
  A lindwurm (Lair:7)
  Pikel (D:6)
  2 griffons
  12 elephants
  Maurice (D:8)
  7 spiny frogs
  8 black mambas
  A gargoyle (D:10)
  9 komodo dragons
  3 fire drakes
  2 trolls
  A polar bear (Lair:5)
  9 blink frogs
  18 yaks
  2 wyverns (Lair:5)
  3 basilisks
  2 deep elf magi
  Eustachio (D:10)
  10 hippogriffs
  9 wolves (Lair:6)
  16 porcupines
  Menkaure (D:6)
  2 black bears
  An ice beast (D:10)
  7 ogres
  4 sky beasts
  19 water moccasins
  2 orc warriors (D:9)
  2 centaurs
  3 boring beetles
  9 crocodiles
  Duvessa (D:8)
  17 giant frogs
  A cyclops zombie (D:10)
  2 scorpions
  The ghost of Foahim the Skirmisher, a weakling DrFi (D:3)
  4 killer bees (D:8)
  A troll skeleton (D:9)
  Dowan (D:8)
  5 crimson imps
  2 goliath beetles
  3 orc priests
  8 hounds
  3 jellies
  9 iguanas
  8 worker ants
  2 orange rats (Lair:2)
  7 orc wizards
  23 sheep
  2 hound zombies (D:6)
  An ogre skeleton (D:10)
  2 mummies (D:8)
  A gnoll (D:2)
  83 green rats
  31 adders
  2 orc skeletons
  A shadow imp (D:10)
  An inept feature mimic (D:3)
  3 adder skeletons
  2 oozes
  39 orcs
  A bat zombie (D:8)
  14 hobgoblins
  13 quokkas
  8 ball pythons
  17 bats
  5 giant cockroaches
  6 giant geckos
  4 giant newts
  12 goblins
  A hobgoblin zombie (D:6)
  15 kobolds
  A quokka skeleton (D:6)
  19 rats
  A fungus (Lair:7)
562 creatures vanquished.

Vanquished Creatures (collateral kills)
  A hydra (Lair:2)
  A spiny frog (Lair:1)
  A porcupine (Lair:1)
  A crocodile (Lair:1)
4 creatures vanquished.

Vanquished Creatures (others)
  An air elemental (Lair:7)
  A crocodile (Lair:1)
  6 fungi
8 creatures vanquished.

Grand Total: 574 creatures vanquished
